 Dungeon Crawl Stone Soup version 0.27.1-34-g3ba077fa99 (webtiles) character file.

Game seed: 12233572481957670660

51 ticklebelly the Skirmisher (level 3, -4/49 HPs)
             Began as a Minotaur Berserker on Jan 7, 2022.
             Was a Believer of Trog.
             Slain by Sigmund (12 damage)
             ... on level 2 of the Dungeon.
             The game lasted 00:03:03 (1495 turns).

ticklebelly the Skirmisher (Minotaur Berserker)     Turns: 1495, Time: 00:03:04

Health: -4/49      AC:  2    Str: 22    XL:     3   Next: 58%
Magic:  2/2        EV: 11    Int:  4    God:    Trog [**....]
Gold:   92         SH:  5    Dex:  9    Spells: 2/2 levels left

rFire    + . .     SeeInvis .   a - +0 hand axe
rCold    + . .     Faith    .   d - +2 buckler
rNeg     . . .     Spirit   .   b - +0 animal skin
rPois    .         Reflect  .   (helmet restricted)
rElec    .         Harm     .   h - scarf {rC+ rF+}
rCorr    .         Rampage  .   (no gloves)
Will     .....                  (no boots)
Stlth    ..........             (no amulet)
HPRegen  0.16/turn              (no ring)
MPRegen  0.08/turn              (no ring)

@: berserking (expiring), very quick
A: horns 2, retaliatory headbutt
a: Renounce Religion, Berserk, Trog's Hand


You were on level 2 of the Dungeon.
You worshipped Trog.
Trog was pleased with you.
You visited 1 branch of the dungeon, and saw 2 of its levels.

You collected 92 gold pieces.

Inventory:

Hand Weapons
 a - a +0 hand axe (weapon)
Armour
 b - a +0 animal skin (worn)
 d - a +2 buckler (worn)
 h - a scarf of resistance (worn)
Scrolls
 e - a scroll of amnesia {unknown}
 g - a scroll of brand weapon {unknown}
Potions
 c - a potion of berserk rage {unknown}
 f - a potion of invisibility {unknown}


   Skills:
 + Level 4.3 Fighting
 + Level 4.2 Axes
 + Level 3.2 Armour
 - Level 2.1 Dodging
 + Level 1.3 Shields


You had 2 spell levels left.
You didn't know any spells.
Your spell library was empty.

Dungeon Overview and Level Annotations

Branches:
Dungeon (2/15)

Altars:

Annotations:
D:2 Sigmund


Innate Abilities, Weirdness & Mutations

You have a pair of horns on your head.
You reflexively headbutt those who attack you in melee.


Message History

The hobgoblin is severely wounded.
The hobgoblin hits you.
You hit the hobgoblin but do no damage. Your headbutt misses the hobgoblin.
The hobgoblin is severely wounded.
The hobgoblin hits you.
You hit the hobgoblin.
The hobgoblin is almost dead.
Something hits you! The hobgoblin closely misses you.
You closely miss the hobgoblin. Your headbutt misses the hobgoblin.
The hobgoblin is almost dead.
Something hits you. The hobgoblin closely misses you. You furiously retaliate!
You headbutt the hobgoblin!
You kill the hobgoblin!
Trog accepts your kill.
You can now call upon Trog for regeneration and willpower.
You slash the endoplasm!
You kill the endoplasm!
Trog accepts your kill. Something hits you!
* * * LOW HITPOINT WARNING * * *
Your skin crawls.
You feel strong-willed.
You feel the effects of Trog's Hand fading.
You closely miss the goblin. Your headbutt misses the goblin.
The goblin hits you with a +0 dagger.
Your skin stops crawling.
You feel less strong-willed.
You hit the goblin.
You kill the goblin!
Trog accepts your kill.
Sigmund mumbles some strange words.
Sigmund flickers and vanishes!
A red film seems to cover your vision as you go berserk!
You feel yourself moving faster!
You feel mighty! Something hits you.
You feel a strong urge to attack something.
You see here a +0 dagger.
You barely miss something. Something hits you!
* * * LOW HITPOINT WARNING * * *
You closely miss something. Your headbutt misses something.
You closely miss something. Something hits you!
You die...

#.#8...8# #.##...##
#.##...#
#######.##...##
#.#####.......#8...8#
#.#..@..########...##
#.#.###.#8###8##...#
#.#.# #............##
## #.#.#
#.....{@.....⌠# ..
#.#.#
#............####+##.
####.#.#####8###8##...#
#..... #..........###
####...##+.....
#.##.#.#####
#8...8##.....###
#........#####
##...###......<.
.....#.÷.....#
#...########...
#.##{#)#.###.#
##..)##.........
...>...#.....#
#8...8#######.##


There were no monsters in sight!

Vanquished Creatures
  An adder (D:2)
  A dart slug (D:1)
  4 ball pythons (D:1)
  2 endoplasms
  A giant cockroach (D:1)
  8 goblins
  6 hobgoblins
  A quokka (D:1)
  3 bats (D:1)
  3 frilled lizards (D:1)
  4 kobolds
  4 rats
38 creatures vanquished.

Notes
Turn   | Place    | Note
-------+----------+-------------------------------------------
     0 | D:1      | ticklebelly the Minotaur Berserker began the quest for the
                  | Orb.
     0 | D:1      | Reached XP level 1. HP: 19/19 MP: 0/0
   104 | D:1      | Reached XP level 2. HP: 26/27 MP: 1/1
   191 | D:1      | Found a faded altar of an unknown god.
   472 | D:1      | Reached XP level 3. HP: 33/33 MP: 2/2
   482 | D:1      | Reached skill level 1 in Shields
   697 | D:1      | Reached ** piety under Trog
  1453 | D:2      | Noticed Sigmund
  1473 | D:2      | HP: 1/33 [something (13)]
  1495 | D:2      | Slain by Sigmund

Illustrated notes

Levels and vault maps discovered:
D:1:      dpeg_arrival_pond, layout_basic, ebering_ecumenical_altar_webs,
          serial_forest, infiniplex_forest_zigzag_2, infiniplex_forest_end_3,
          infiniplex_forest_straight_2, infiniplex_forest_straight_4,
          infiniplex_forest_end_3, infiniplex_forest_clump_double,
          infiniplex_forest_straight_1, minmay_small_reverse_x
D:2:      layout_basic, serial_corexii_hall, corexii_hall_statues_l,
          corexii_hall_statues_t, uniq_sigmund, uniq_crazy_yiuf_cottage

Skill      XL: |  1  2  3 |
---------------+----------+-----
Armour         | 3 |  3.2
Fighting       | 4 |  4.3
Axes           | 4 |  4.2
Shields        | 1 |  1.3
Dodging        | |  2.1

Action                   || total
-------------------------++-------
Melee: Hand axe          ||    77
       Headbutt          ||    13
Invok: Berserk           ||     2
       Trog's Hand       ||     2
 Stab: Sleeping          ||     1
Armor: Animal skin       ||    15
Dodge: Dodged            ||    38
Block: Buckler           ||    13
